 Dungeon Crawl Stone Soup version 0.23.2-1-ga50397a6bc (webtiles) character file.

Game seed: 15608033994831154687

82704 Morbidden the Brawler (level 15, -2/79 HPs)
             Began as a Vine Stalker Gladiator on May 5, 2019.
             Was the Champion of Cheibriados.
             Slain by a reaper
             ... wielding a +2 scythe of flaming
             ... summoned by a shadow demon
              (13 damage)
             ... on level 3 of the Abyss.
             The game lasted 00:46:07 (19259 turns).

Morbidden the Brawler (Vine Stalker Gladiator)     Turns: 19259, Time: 00:46:07

Health: -2/79      AC: 25    Str: 40      XL:     15   Next: 74%
Magic:  0/29       EV:  8    Int: 19 (23) God:    Cheibriados [******]
Gold:   1237       SH:  0    Dex: 35      Spells: 26/33 levels left

rFire    . . .     SeeInvis .     - Unarmed
rCold    . . .     Gourm    .   i - +4 large shield of Valour {+Fly Regen+ Str+3}
rNeg     . . .     Faith    .   H - +2 plate armour {rPois}
rPois    +         Spirit   +   b - +0 helmet
rElec    .         Reflect  .   o - +2 cloak
rCorr    .         Harm     .   I - +2 pair of gloves {Dex+3}
MR       +....                  w - +1 pair of boots
Stlth    ..........             k - amulet of the acrobat
HPRegen  1.43/turn              B - +4 ring of protection
MPRegen  0.21/turn              r - +5 ring of slaying

@: confused, about to teleport, very slightly contaminated, very slow
A: fangs 3, [deformed body], regeneration 2, magic shield, antimagic bite, no
potion heal 3, rot immunity
a: Bend Time, Temporal Distortion, Slouch, Step From Time, Renounce Religion,
Evoke Flight


You were on level 3 of the Abyss.
You worshipped Cheibriados.
Cheibriados was exalted by your worship.
You were not hungry.

You visited 4 branches of the dungeon, and saw 23 of its levels.
You visited the Abyss 2 times.

You collected 2311 gold pieces.
You spent 1074 gold pieces at shops.

Inventory:

Missiles
 c - 3 throwing nets (quivered)
Armour
 b - a +0 helmet (worn)
 i - the +4 large shield of Valour (worn) {+Fly Regen+ Str+3}
   (You bought it in a shop on level 2 of the Orcish Mines)

   It affects your strength (+3).
   It lets you fly.
   It increases your rate of regeneration.
 o - a +2 cloak (worn)
 q - the +1 scale mail "Hybronuc" {rElec rC++ Str-4 Dex-3}
   (You found it on level 8 of the Dungeon)

   It affects your strength (-4).
   It affects your dexterity (-3).
   It greatly protects you from cold.
   It insulates you from electricity.
 w - a +1 pair of boots (worn)
 H - a +2 plate armour of poison resistance (worn)
 I - a +2 pair of gloves of dexterity (worn)
Jewellery
 k - an amulet of the acrobat (around neck)
 r - a +5 ring of slaying (right hand)
 B - a +4 ring of protection (left hand)
 L - an uncursed ring of ice
Wands
 s - a wand of flame (16)
 x - a wand of polymorph (8)
 E - a wand of digging (4)
Scrolls
 e - 4 scrolls of teleportation
 n - 13 scrolls of remove curse
 p - a scroll of blinking
 t - a scroll of amnesia
 y - 2 scrolls of enchant armour
 G - a scroll of enchant weapon
 M - 3 scrolls of magic mapping
Potions
 f - 7 potions of curing
 g - 3 potions of brilliance
 j - 2 potions of lignification
 m - 2 potions of might
 u - 3 potions of agility
 z - a potion of invisibility
 A - 3 potions of mutation {unknown}
 C - 3 potions of flight
 F - 2 potions of magic
 J - a potion of resistance
Miscellaneous
 N - a box of beasts
Comestibles
 d - 53 rations
 v - 2 chunks of flesh


   Skills:
 * Level 9.4 Fighting
 - Level 1.7 Throwing
 + Level 8.0 Armour
 + Level 4.3 Dodging
 - Level 3.0 Stealth
 * Level 1.2 Shields
 + Level 18.4 Unarmed Combat
 * Level 9.9 Spellcasting
 * Level 4.0 Transmutations
 * Level 7.9 Invocations
 + Level 0.1 Evocations


You had 26 spell levels left.
You knew the following spells:

 Your Spells              Type           Power        Failure   Level  Hunger
a - Dragon Form           Tmut           ###.......   100%        7    #######

Your spell library contained the following spells:

 Spells                   Type           Power        Failure   Level  Hunger
 Passwall                 Tmut/Erth      ###.....     99%         2    None
 Animate Skeleton         Necr           N/A          100%        1    None
 Apportation              Tloc           #.....       100%        1    None
 Confusing Touch          Hex            #.....       100%        1    None
 Corona                   Hex            #......      100%        1    None
 Freeze                   Ice            #...         100%        1    None
 Magic Dart               Conj           #...         100%        1    None
 Shock                    Conj/Air       #...         100%        1    None
 Summon Small Mammal      Summ           #...         100%        1    None
 Blink                    Tloc           N/A          100%        2    None
 Call Imp                 Summ           #.......     100%        2    None
 Ensorcelled Hibernation  Hex/Ice        #.....       100%        2    None
 Slow                     Hex            #.......     100%        2    None
 Swiftness                Chrm/Air       #.......     100%        2    None
 Throw Frost              Conj/Ice       #.....       100%        2    None
 Confuse                  Hex            #.......     100%        3    None
 Conjure Flame            Conj/Fire      #.......     100%        3    None
 Dazzling Spray           Conj/Hex       #.....       100%        3    None
 Mephitic Cloud           Conj/Pois/Air  #.......     100%        3    None
 Ozocubu's Armour         Chrm/Ice       #.......     100%        3    None
 Static Discharge         Conj/Air       #.......     100%        3    None
 Tukima's Dance           Hex            #.......     100%        3    None
 Airstrike                Air            #.........   100%        4    ###....
 Summon Ice Beast         Ice/Summ       #.......     100%        4    ###....
 Throw Icicle             Conj/Ice       #.......     100%        4    ###....
 Borgnjor's Vile Clutch   Necr/Erth      #.........   100%        5    #####..
 Irradiate                Conj/Tmut      ###.......   100%        5    #####..
 Lightning Bolt           Conj/Air       #.........   100%        5    #####..
 Silence                  Hex/Air        #.........   100%        5    #####..
 Hydra Form               Tmut           ###.......   100%        6    ######.
 Statue Form              Tmut/Erth      ###......    100%        6    ######.


Dungeon Overview and Level Annotations

Branches:
Dungeon (14/15)            Temple (1/1) D:5            Lair (6/6) D:9
  Swamp (0/4) Lair:3       Spider (0/4) Lair:4        Slime (0/5) Lair:5
    Orc (2/2) D:9             Elf (0/3) Orc:2
 Vaults: D:13-14

Altars:
Ashenzari
Cheibriados
Dithmenos
Elyvilon
Fedhas
Gozag
Hepliaklqana
Kikubaaqudgha
Makhleb
Nemelex Xobeh
Okawaru
Qazlal
Ru
Sif Muna
Trog
Uskayaw
Vehumet
Wu Jian
Xom
Yredelemnul
Zin
The Shining One
Beogh

Shops:
D:7 [   D:14 :   Orc:2 [%::

Annotations:
D:8 exclusion: 3 doors
D:14 Louise


Innate Abilities, Weirdness & Mutations

You have razor-sharp teeth.
You heal very quickly.
When hurt, damage is shared between your health and your magic reserves.
Your bite disrupts and absorbs the magic of your enemies.
Potions cannot restore your health.
You are immune to rotting.
[Armour fits poorly on your strangely shaped body.]


Message History

The glowing orange brain pulsates.
You feel dopey. Something feeds on your intellect!
You bump into the rock wall.
The reaper hits you but does no damage. The smoke demon gestures at you.
Something smites you!
* * * LOW HITPOINT WARNING * * *
Unknown command.
You are more confused.
Your system rejects the healing.
You feel invigorated. The cacodemon hits you.
* * * LOW HITPOINT WARNING * * *
The cacodemon completely misses you.
Unknown command.
Your shield prevents you from hitting the cacodemon.
You bite the cacodemon.
The cacodemon's magic leaks into the air.
You drain its magic.
The cacodemon is lightly wounded.
The reaper hits you from afar with a +2 scythe of flaming!!
You die...

. ..∩ ∩..#
#..... #
........
....#... . ..
..
.......#.....
. ... ..
.#... .# ...
...#. ... .
... ..#. .
..## ........
# ..# ..
.....
..####§##
...#
####..2#@§# .
# #h22#§§ #
#3*2.## #..#
##3h3..#. ..
#.#..#G*..
..# .
#..3..$.###.
# # # #.#.##
#..# #..... .
# $$ #..# ..#


You could see a cacodemon, a reaper, a wretched star, a glowing orange brain, a
sun demon, a shadow demon, 2 smoke demons, 2 raiju and a lurking horror.

Vanquished Creatures
  Saint Roka (Orc:2)
  A tentacled starspawn (Abyss:2)
  Nessos (D:14)
  A red draconian (Abyss:2)
  7 hydras
  3 catoblepae (Lair:6)
  6 two-headed ogres
  7 death yaks (Lair:6)
  A centaur warrior (D:14)
  4 orc high priests (Orc:2)
  3 thrashing horrors
  Sonja (D:11)
  Nergalle (D:11)
  A shadow wraith (Abyss:3)
  3 skeletal warriors (D:13)
  An unseen horror (Abyss:3)
  6 orc knights
  9 ugly things
  4 orc sorcerers (Orc:2)
  3 manticores
  2 deep elf magi
  4 cyclopes
  12 elephants
  Psyche (D:11)
  A black mamba (Lair:1)
  A torpor snail (Lair:6)
  2 spiny frogs
  A gargoyle (D:10)
  2 kobold demonologists (D:14)
  2 rime drakes
  An efreet (Abyss:2)
  A komodo dragon (Lair:4)
  6 polar bears
  6 trolls
  A tyrant leech (Lair:3)
  3 meliai
  5 slime creatures
  13 blink frogs
  11 hippogriffs
  2 dream sheep (D:8)
  2 wraiths
  3 wyverns
  32 yaks
  4 fire bats (D:10)
  A fire bat (shapeshifter) (D:14)
  A vampire (D:12)
  2 basilisks
  Grum (D:8)
  2 ynoxinuls
  4 hungry ghosts
  A neqoxec (Abyss:2)
  7 vampire mosquitoes
  4 wargs (Orc:2)
  An acid dragon (D:14)
  A hell hound (D:10)
  13 water moccasins
  10 porcupines
  2 eyes of draining
  5 ice beasts
  2 black bears
  5 sky beasts
  34 orc warriors
  3 wolves (D:8)
  12 ogres
  7 centaurs
  7 crocodiles
  9 big kobolds
  2 gnoll sergeants
  9 bullfrogs
  5 scorpions
  2 wyvern skeletons (D:13)
  8 killer bees
  5 wights (D:13)
  7 howler monkeys
  8 electric eels
  3 centaur zombies
  2 lava snakes (D:10)
  3 crimson imps
  2 quasits
  2 bullfrog zombies
  11 jellies
  Crazy Yiuf (D:2)
  2 centaur skeletons
  3 bullfrog skeletons
  33 orc priests
  7 hounds
  2 iguanas
  19 orc wizards
  11 worker ants
  A hound skeleton (D:6)
  A killer bee simulacrum (D:9)
  A worker ant zombie (D:5)
  15 gnolls
  15 adders
  2 shadow imps
  2 white imps (D:9)
  A worker ant simulacrum (D:9)
  An ufetubus (D:9)
  11 oozes
  2 adder skeletons
  An adder zombie (D:10)
  7 worms
  4 dart slugs
  6 leopard geckos
  129 orcs
  4 giant cockroaches (D:1)
  9 goblins
  6 hobgoblins
  7 jackals
  28 kobolds
  3 quokkas
  2 ball pythons
  6 bats
  4 frilled lizards
  A leopard gecko skeleton (D:4)
  3 rats
  3 fire vortices (D:10)
738 creatures vanquished.

Vanquished Creatures (others)
  A fire vortex (Lair:5)
  7 fungi
  7 plants
  2 starspawn tentacles (Abyss:2)
17 creatures vanquished.

Grand Total: 755 creatures vanquished

Notes
Turn   | Place    | Note
-------+----------+-------------------------------------------
     0 | D:1      | Morbidden the Vine Stalker Gladiator began the quest for
                  | the Orb.
     0 | D:1      | Reached XP level 1. HP: 11/11 MP: 2/2
    46 | D:1      | Reached XP level 2. HP: 6/15 MP: 3/3
   603 | D:1      | Reached XP level 3. HP: 16/18 MP: 5/5
   959 | D:2      | Reached skill level 1 in Spellcasting
   993 | D:2      | Gained mutation: Your natural rate of healing is unusually
                  | fast. [Vine Stalker growth]
   993 | D:2      | Reached XP level 4. HP: 15/23 MP: 6/6
  1065 | D:2      | Reached skill level 4 in Unarmed Combat
  1341 | D:2      | Found a runed translucent door.
  1345 | D:2      | Noticed Crazy Yiuf
  1358 | D:2      | Killed Crazy Yiuf
  1405 | D:2      | Found a radiant altar of Vehumet.
  1535 | D:2      | Reached skill level 1 in Stealth
  1709 | D:3      | Reached XP level 5. HP: 24/26 MP: 6/8
  2181 | D:3      | Found a sacrificial altar of Ru.
  2522 | D:4      | Reached skill level 1 in Armour
  2522 | D:4      | Reached skill level 5 in Unarmed Combat
  2596 | D:4      | Reached XP level 6. HP: 18/32 MP: 4/9
  2833 | D:4      | Reached skill level 6 in Unarmed Combat
  2833 | D:4      | Reached XP level 7. HP: 32/35 MP: 11/11
  2853 | D:4      | Found a shadowy altar of Dithmenos.
  3002 | D:5      | Entered Level 5 of the Dungeon
  3041 | D:5      | Found a bloodstained altar of Trog.
  3051 | D:5      | Found a burning altar of Makhleb.
  3123 | D:5      | You fall through a shaft for 3 floors!
  3312 | D:8      | Reached skill level 7 in Unarmed Combat
  3318 | D:8      | Noticed a yak
  3318 | D:8      | Noticed a dream sheep
  3318 | D:8      | Noticed a yak
  3318 | D:8      | Noticed a dream sheep
  3336 | D:8      | Killed a yak
  3336 | D:8      | Gained mutation: You have razor-sharp teeth. [Vine Stalker
                  | growth]
  3336 | D:8      | Reached XP level 8. HP: 28/40 MP: 13/13
  3342 | D:8      | Killed a yak
  3348 | D:8      | Killed a dream sheep
  3348 | D:8      | Reached skill level 8 in Unarmed Combat
  3353 | D:8      | Killed a dream sheep
  3510 | D:8      | Noticed a two-headed ogre
  3559 | D:8      | Killed a two-headed ogre
  3559 | D:8      | Reached skill level 9 in Unarmed Combat
  3559 | D:8      | Reached XP level 9. HP: 31/45 MP: 11/16
  3586 | D:8      | Found an opulent altar of Gozag.
  3622 | D:8      | Reached skill level 10 in Unarmed Combat
  3659 | D:8      | Found a white marble altar of Elyvilon.
  3777 | D:8      | Noticed Grum
  3790 | D:8      | Killed Grum
  4036 | D:8      | Got a heavily runed scale mail
  4048 | D:8      | Identified the +1 scale mail "Hybronuc" {rElec rC++ Str-4
                  | Dex-3} (You found it on level 8 of the Dungeon)
  4134 | D:8      | Reached skill level 11 in Unarmed Combat
  4407 | D:8      | Found a deep blue altar of Sif Muna.
  4592 | D:7      | Found an ancient bone altar of Kikubaaqudgha.
  4652 | D:7      | Reached XP level 10. HP: 51/51 MP: 18/18
  4776 | D:7      | Found Utul's Antique Armour Shop.
  4808 | D:7      | Found a shimmering altar of Xom.
  4883 | D:7      | Found a hide-covered altar of Uskayaw.
  4883 | D:7      | Found a sparkling altar of Nemelex Xobeh.
  5359 | D:6      | Reached skill level 5 in Spellcasting
  5617 | D:6      | Found a burning altar of Makhleb.
  5617 | D:6      | Noticed a blizzard demon
  5982 | D:5      | Found a staircase to the Ecumenical Temple.
  5998 | Temple   | Entered the Ecumenical Temple
  6258 | D:5      | Found an opulent altar of Gozag.
  6715 | D:6      | Found a snail-covered altar of Cheibriados.
  6734 | D:6      | Became a worshipper of Cheibriados the Contemplative
  6901 | D:9      | Found a staircase to the Orcish Mines.
  6969 | D:9      | Found a staircase to the Lair.
  7001 | D:9      | Reached skill level 12 in Unarmed Combat
  7033 | D:9      | Reached skill level 5 in Fighting
  7094 | D:9      | Reached * piety under Cheibriados
  7326 | D:9      | Found a blossoming altar of Fedhas.
  7469 | D:9      | Identified the Collected Works on Weightlessness and the
                  | Rocks
  7637 | D:10     | Entered Level 10 of the Dungeon
  7658 | D:10     | Reached XP level 11. HP: 56/56 MP: 20/20
  7688 | D:10     | Reached ** piety under Cheibriados
  7828 | D:10     | Reached skill level 1 in Invocations
  7861 | D:10     | Found a stormy altar of Qazlal.
  8074 | D:10     | Reached skill level 13 in Unarmed Combat
  8492 | D:11     | Reached *** piety under Cheibriados
  8555 | D:11     | Noticed Psyche
  8565 | D:11     | Killed Psyche
  8577 | D:11     | Noticed Nergalle
  8585 | D:11     | Killed Nergalle
  8634 | D:11     | Noticed Sonja
  8641 | D:11     | Cast into level 2 of the Abyss (Sonja)
  8660 | Abyss:2  | Found a corrupted altar of Lugonu.
  8754 | Abyss:2  | Found a corrupted altar of Lugonu.
  8796 | Abyss:2  | Noticed a thrashing horror
  8799 | Abyss:2  | Noticed a tentacled starspawn
  8801 | Abyss:2  | Killed a thrashing horror
  8806 | Abyss:2  | Killed a tentacled starspawn
  8806 | Abyss:2  | Reached skill level 5 in Armour
  8806 | Abyss:2  | Reached skill level 14 in Unarmed Combat
  8819 | Abyss:2  | Noticed a red draconian
  8834 | Abyss:2  | Killed a red draconian
  8834 | Abyss:2  | Gained mutation: You heal very quickly. [Vine Stalker
                  | growth]
  8834 | Abyss:2  | Reached XP level 12. HP: 41/61 MP: 23/23
  8861 | D:11     | Escaped the Abyss
  8889 | D:11     | Killed Sonja
  9237 | D:11     | Reached **** piety under Cheibriados
  9837 | D:8      | Noticed a three-headed hydra
  9841 | D:8      | Killed a three-headed hydra
  9911 | Lair:1   | Entered Level 1 of the Lair of Beasts
 10834 | Lair:2   | Reached skill level 15 in Unarmed Combat
 11227 | Lair:2   | Noticed a six-headed hydra
 11233 | Lair:2   | Killed a six-headed hydra
 11519 | Lair:3   | Reached ***** piety under Cheibriados
 11870 | Lair:3   | Identified the +2 leather armour of Music {+Inv rC- rCorr
                  | Str+7} (You found it on level 3 of the Lair of Beasts)
 11933 | Lair:3   | Found a staircase to the Swamp.
 12130 | Lair:4   | Found a hole to the Spider Nest.
 12240 | Lair:4   | Noticed a four-headed hydra
 12245 | Lair:4   | Killed a four-headed hydra
 12296 | Lair:4   | Reached XP level 13. HP: 66/66 MP: 25/25
 12932 | Lair:5   | Found a staircase to the Slime Pits.
 13020 | Lair:5   | Reached skill level 5 in Invocations
 13024 | Lair:5   | Reached skill level 16 in Unarmed Combat
 13664 | Lair:6   | Entered Level 6 of the Lair of Beasts
 13680 | Lair:6   | Reached ****** piety under Cheibriados
 14247 | Lair:6   | Reached XP level 14. HP: 58/72 MP: 27/27
 14273 | Lair:6   | Reached skill level 17 in Unarmed Combat
 15600 | D:13     | Learned a level 7 spell: Dragon Form
 15946 | D:13     | Reached skill level 1 in Transmutations
 16354 | D:14     | Noticed Nessos
 16672 | Orc:1    | Entered Level 1 of the Orcish Mines
 16922 | Orc:1    | Reached XP level 15. HP: 61/78 MP: 20/29
 17141 | Orc:1    | Found a roughly hewn altar of Beogh.
 17262 | Orc:2    | Entered Level 2 of the Orcish Mines
 17428 | Orc:2    | Reached skill level 18 in Unarmed Combat
 17555 | Orc:2    | Found a staircase to the Elven Halls.
 17730 | Orc:2    | Noticed Saint Roka
 17951 | Orc:2    | Killed Saint Roka
 18045 | Orc:2    | Found a roughly hewn altar of Beogh.
 18393 | Orc:2    | Found a roughly hewn altar of Beogh.
 18477 | Orc:2    | Found Lumisouf's Book Boutique.
 18493 | Orc:2    | Found Joklul's Book Shop.
 18631 | Orc:2    | Found Vajiden's Food Boutique.
 18666 | Orc:2    | Found Sysez's Antique Armour Shop.
 18833 | Orc:2    | Bought a distressingly furry large shield for 237 gold
                  | pieces
 18839 | Orc:2    | Identified the +4 large shield of Valour {+Fly Regen+
                  | Str+3} (You bought it in a shop on level 2 of the Orcish
                  | Mines)
 18840 | Orc:2    | Bought a shiny plate armour for 650 gold pieces
 18840 | Orc:2    | Bought a pair of runed gloves for 187 gold pieces
 19123 | D:14     | Killed Nessos
 19128 | D:14     | Reached skill level 1 in Shields
 19154 | D:14     | Found Hirutopt's Book Boutique.
 19188 | D:14     | Noticed Louise
 19200 | D:14     | Cast into level 3 of the Abyss (Louise)
 19243 | Abyss:3  | Noticed a ghoul
 19258 | Abyss:3  | Noticed a cacodemon
 19259 | Abyss:3  | Slain by a reaper

Skill      XL: |  1  2  3  4  5  6  7  8  9 10 11 12 13 14 15 |
---------------+----------------------------------------------+-----
Fighting       | 2 3 4 5 6 7 8 9 |  9.4
Spellcasting   | 1 2 3 4 5 6 7 8 9 |  9.9
Unarmed Combat | 4 5 6 7 9 11 12 14 15 16 17 18 | 18.4
Stealth        | 1 2 3 |  3.0
Armour         | 1 2 3 4 5 6 7 8 |  8.0
Dodging        | 3 4 |  4.3
Invocations    | 3 4 5 6 7 |  7.9
Transmutations | 2 4 |  4.0
Shields        | 1 |  1.2
Throwing       | |  1.7
Evocations     | |  0.1

Action                   |  1- 3 |  4- 6 |  7- 9 | 10-12 | 13-15 || total
-------------------------+-------+-------+-------+-------+-------++-------
Melee: Unarmed           |   103 |   168 |   164 |   478 |   807 ||  1720
       Bite              |    33 |    53 |    46 |   211 |   400 ||   743
       Punch             |     2 |     2 |     4 |    37 |    95 ||   140
Invok: Slouch            |       |       |       |       |     3 ||     3
 Abil: Evoke Flight      |       |       |       |       |     1 ||     1
Evoke: Wand              |       |       |       |     2 |     5 ||     7
  Use: Scroll            |       |     5 |     5 |    18 |    17 ||    45
       Potion            |       |       |     2 |       |     5 ||     7
 Stab: Invisible         |       |     3 |       |       |       ||     3
  Eat: Chunk             |       |     6 |     6 |    21 |    16 ||    49
Armor: Leather armour    |    15 |       |       |       |       ||    15
       Chain mail        |    39 |    72 |    37 |   208 |   334 ||   690
       Skin              |       |       |    25 |       |       ||    25
       Scale mail        |       |       |     3 |       |     1 ||     4
       Plate armour      |       |       |       |       |    44 ||    44
Dodge: Dodged            |    41 |    60 |    65 |   294 |   700 ||  1160
Block: Large shield      |       |       |       |       |    90 ||    90
